 Dungeon Crawl Stone Soup version 0.29.0-4-gdea44cf6ec (webtiles) character file.

Game seed: 14700715491804393571

2105 themarg the Insei (level 9, 0/68 HPs)
             Began as a Gnoll Transmuter on Aug 26, 2022.
             Was a Believer of Vehumet.
             Killed from afar by an electric eel (12 damage)
             ... with a bolt of electricity
             ... on level 7 of the Dungeon.
             The game lasted 00:24:22 (6532 turns).

themarg the Insei (Gnoll Transmuter)                Turns: 6532, Time: 00:24:23

Health: 0/68       AC:  2    Str: 10    XL:     9   Next: 28%
Magic:  26/28      EV: 23    Int: 17    God:    Vehumet [**....]
Gold:   439        SH:  0    Dex: 17    Spells: 15/21 levels left

rFire   . . .      SeeInvis .     - Unarmed
rCold   . . .      Faith    .   (shield currently unavailable)
rNeg    . . .      Spirit   .   (body armour currently unavailable)
rPois   x          Reflect  .   (helmet currently unavailable)
rElec   .          Harm     .   (cloak currently unavailable)
rCorr   .          Rampage  .   (gloves currently unavailable)
Will    .....                   (boots currently unavailable)
Stlth   +++.......              h - amulet of regeneration
HPRegen 1.01/turn               c - ring of magical power
MPRegen 0.21/turn               (no ring)

@: spider-form
A: venomous fangs, tiny, (fangs 1), strong nose, distributed training
a: End Transformation, Renounce Religion


You were on level 7 of the Dungeon.
You worshipped Vehumet.
Vehumet was pleased with you.
You were a venomous arachnid creature.
You visited 2 branches of the dungeon, and saw 8 of its levels.

You collected 439 gold pieces.

Inventory:

Hand Weapons
 z - a +2 dagger of venom (melded)
Missiles
 d - a throwing net
 F - 4 curare-tipped darts
Armour
 a - a +0 robe (melded)
 g - a +0 helmet (melded)
 u - a +0 cloak (melded)
Jewellery
 c - a ring of magical power (left front leg)
 h - an amulet of regeneration (around neck)
 l - a ring of flight
 v - a ring of protection from fire
 E - an amulet of reflection
Wands
 r - a wand of flame (16)
 C - a wand of paralysis (12)
 D - a wand of acid (5)
Scrolls
 f - 5 scrolls of teleportation
 n - 4 scrolls of poison
 p - a scroll of magic mapping
 s - a scroll of noise {unknown}
 t - 2 scrolls of fog {unknown}
 w - a scroll of torment {unknown}
 x - a scroll of blinking {unknown}
 y - 3 scrolls of enchant weapon {unknown}
 A - a scroll of vulnerability {unknown}
 B - 4 scrolls of identify
Potions
 b - 4 potions of lignification
 e - 3 potions of curing
 i - 3 potions of heal wounds
 j - a potion of magic {unknown}
 k - a potion of degeneration {unknown}
 m - 2 potions of mutation {unknown}
 o - 2 potions of attraction
 q - a potion of berserk rage {unknown}


   Skills:
 + Level 5.0 Fighting
 + Level 4.2 Short Blades
 + Level 4.2 Long Blades
 + Level 4.2 Axes
 + Level 4.2 Maces & Flails
 + Level 4.2 Polearms
 + Level 4.2 Staves
 + Level 4.2 Ranged Weapons
 + Level 4.2 Throwing
 + Level 4.2 Armour
 + Level 6.3 Dodging
 + Level 4.2 Stealth
 + Level 4.2 Shields
 + Level 7.9 Unarmed Combat
 + Level 6.6 Spellcasting
 + Level 3.5 Conjurations
 + Level 3.5 Hexes
 + Level 3.5 Summonings
 + Level 3.5 Necromancy
 + Level 3.5 Translocations
 + Level 5.2 Transmutations
 + Level 3.5 Fire Magic
 + Level 3.5 Ice Magic
 + Level 3.5 Air Magic
 + Level 3.5 Earth Magic
 + Level 3.5 Poison Magic
 + Level 4.7 Invocations
 + Level 4.2 Evocations


You had 15 spell levels left.
You knew the following spells:

 Your Spells              Type           Power      Damage    Failure   Level
a - Beastly Appendage     Tmut           46%        N/A       6%          1
b - Wereblood             Tmut           23%        N/A       8%          2
c - Spider Form           Tmut/Pois      20%        N/A       17%         3

Your spell library contained the following spells:

 Spells                   Type           Power      Damage    Failure   Level
 Static Discharge         Conj/Air       17%        3-6/arc   13%         2
 Sting                    Tmut/Pois      80%        1d7       8%          1
 Magic Dart               Conj           68%        1d6       10%         1
 Call Imp                 Summ           17%        N/A       13%         2
 Poisonous Vapours        Pois/Air       34%        N/A       13%         2
 Ignite Poison            Fire/Tmut/Pois 19%        N/A       19%         3
 Conjure Flame            Conj/Fire      17%        6-21      22%         3
 Mephitic Cloud           Conj/Pois/Air  17%        N/A       22%         3
 Ice Form                 Ice/Tmut       20%        N/A       41%         4
 Animate Dead             Necr           17%        N/A       50%         4
 Olgreb's Toxic Radiance  Pois           17%        N/A       50%         4
 Sticky Flame             Conj/Fire      17%        2d4       50%         4
 Borgnjor's Vile Clutch   Necr/Erth      8%         N/A       80%         5
 Death Channel            Necr           8%         N/A       100%        6


Dungeon Overview and Level Annotations

Branches:
Dungeon (7/15)             Temple (1/1) D:6

Altars:
Ashenzari
Cheibriados
Dithmenos
Elyvilon
Fedhas
Gozag
Hepliaklqana
Kikubaaqudgha
Makhleb
Nemelex Xobeh
Okawaru
Qazlal
Ru
Trog
Uskayaw
Vehumet
Wu Jian
Xom
Yredelemnul
Zin
The Shining One

Shops:
D:3 [


Innate Abilities, Weirdness & Mutations

You are a venomous arachnid creature.
You have poisonous fangs.
You are tiny and dextrous.
Your spellcasting is less reliable in this form.
Your armour is entirely melded.
You are incapable of wielding weapons or throwing items.
((You have very sharp teeth.))
Your uncanny sense of smell can sniff out nearby items.
Your experience applies equally to all skills.


Message History

Your +0 cloak unmelds from your body.
Your +0 helmet unmelds from your body.
Your +0 robe unmelds from your body.
Your +2 dagger of venom begins to drip with poison!
An electric eel comes into view.
Casting: Spider Form (dangerous; 6% risk of failure)
Confirm with . or Enter, or press ? or * to list all spells.
You turn into a venomous arachnid creature.
Your +2 dagger of venom melds into your body.
Your +0 cloak melds into your body.
Your +0 helmet melds into your body.
Your +0 robe melds into your body.
Your +2 dagger of venom stops dripping with poison.
Found a jewelled cloak.
An orc wizard, an orc priest, an orc and 2 electric eels come into view.
The electric eel shoots out a bolt of lightning at you!
The bolt of electricity hits you!
The orc shouts!
You hear a shout!
The orc priest shouts!
You hit the electric eel but do no damage.
The electric eel is poisoned.
The orc wizard closely misses you.
The electric eel shoots out a bolt of lightning at you!
The bolt of electricity hits the electric eel.
The electric eel completely resists.
The bolt of electricity hits you! The bolt of electricity hits you.
The electric eel shoots out a bolt of lightning at you!
The bolt of electricity hits the orc!
The orc dies!
The bolt of electricity hits you!
The orc priest invokes the aid of Beogh against you.
Beogh smites you!
An orc comes into view. It is wielding a +0 dagger.
You barely miss the orc wizard. The orc wizard completely misses you.
The electric eel shoots out a bolt of lightning at you!
The bolt of electricity hits the orc!
The orc dies!
You hear a splash.
The bolt of electricity hits you!
* * * LOW HITPOINT WARNING * * *
The electric eel shoots out a bolt of lightning at you!
The bolt of electricity hits the electric eel.
The electric eel completely resists.
The bolt of electricity hits you!
You die...

# ### ######### ##
#^. #...#...# #.
#.# #.#.#.#.# #.
#.#####.#.#.#.###.
#.......#####.....
#.......#####.....
#s#####.#...#.####
♣S[o# #.#.#.#.####
~~♣♣)#
#...#...##.. S~~~
oP ##########.#
♣~PP~ S~# #. ~P~~~
~♣## .∆ ~~~~ ~~P
.. # ~PP~ ~~~~~
#># ≈ ~~♣~ #.#


You could see 3 electric eels, an orc priest and an orc wizard.

Vanquished Creatures
  A black bear (D:6)
  3 ice beasts
  A sky beast (D:7)
  The ghost of Tollund the Stinger, an amateur NaVM (D:3)
  A centaur (D:7)
  An ogre (D:6)
  A phantom (D:5)
  3 scorpions
  2 necrophages
  2 howler monkeys
  3 electric eels (D:7)
  4 orc priests
  A gnoll bouda (D:6)
  5 hounds (D:6)
  4 iguanas
  Natasha (thrice) (D:3)
  6 orc wizards
  4 gnolls (D:6)
  5 adders
  A shadow imp (D:6)
  A white imp (D:6)
  2 worms
  7 dart slugs
  25 orcs
  7 ball pythons
  3 bats
  5 endoplasms
  4 giant cockroaches
  9 hobgoblins
  2 jackals (D:3)
  8 quokkas
  6 frilled lizards
  6 goblins
  8 kobolds
  6 rats
151 creatures vanquished.

Vanquished Creatures (others)
  2 orcs (D:7)
  11 plants
13 creatures vanquished.

Grand Total: 164 creatures vanquished

Notes
Turn   | Place    | Note
-------+----------+-------------------------------------------
     0 | D:1      | themarg the Gnoll Transmuter began the quest for the Orb.
     0 | D:1      | Reached XP level 1. HP: 17/17 MP: 6/6
   317 | D:1      | Reached XP level 2. HP: 20/23 MP: 7/7
   340 | D:1      | Found a faded altar of an unknown god.
   891 | D:2      | Learned a level 2 spell: Wereblood
   992 | D:2      | Reached skill level 5 in Spellcasting
   992 | D:2      | Reached XP level 3. HP: 23/28 MP: 9/9
  1052 | D:2      | Learned a level 3 spell: Spider Form
  1206 | D:2      | Reached skill level 1 in Invocations
  1314 | D:2      | Reached skill level 1 in Short Blades
  1314 | D:2      | Reached skill level 1 in Long Blades
  1314 | D:2      | Reached skill level 1 in Axes
  1314 | D:2      | Reached skill level 1 in Maces & Flails
  1314 | D:2      | Reached skill level 1 in Polearms
  1314 | D:2      | Reached skill level 1 in Staves
  1314 | D:2      | Reached skill level 1 in Ranged Weapons
  1314 | D:2      | Reached skill level 1 in Throwing
  1314 | D:2      | Reached skill level 1 in Armour
  1314 | D:2      | Reached skill level 1 in Stealth
  1314 | D:2      | Reached skill level 1 in Shields
  1314 | D:2      | Reached skill level 1 in Evocations
  1887 | D:3      | Noticed Natasha
  1893 | D:3      | Killed Natasha
  1894 | D:3      | Reached skill level 1 in Conjurations
  1894 | D:3      | Reached skill level 1 in Hexes
  1894 | D:3      | Reached skill level 1 in Summonings
  1894 | D:3      | Reached skill level 1 in Necromancy
  1894 | D:3      | Reached skill level 1 in Translocations
  1894 | D:3      | Reached skill level 1 in Fire Magic
  1894 | D:3      | Reached skill level 1 in Ice Magic
  1894 | D:3      | Reached skill level 1 in Air Magic
  1894 | D:3      | Reached skill level 1 in Earth Magic
  1894 | D:3      | Reached skill level 1 in Poison Magic
  1894 | D:3      | Reached XP level 4. HP: 26/34 MP: 11/11
  2020 | D:3      | Noticed Natasha
  2027 | D:3      | Killed Natasha
  2056 | D:3      | Noticed Natasha
  2063 | D:3      | Killed Natasha
  2064 | D:3      | Reached XP level 5. HP: 30/40 MP: 12/12
  2479 | D:3      | Found Haucinn's Armour Boutique.
  2521 | D:3      | Found an iron altar of Okawaru.
  2524 | D:3      | Identified the +1 ring mail "Afeseno" {Str+2}
  2555 | D:3      | You fall into a shaft and drop 3 floors!
  2559 | D:6      | Found a staircase to the Ecumenical Temple.
  2568 | Temple   | Entered the Ecumenical Temple
  2616 | Temple   | Became a worshipper of Vehumet
  2636 | D:6      | Found an opulent altar of Gozag.
  2664 | D:6      | Noticed a black bear
  2665 | D:6      | Reached XP level 6. HP: 35/47 MP: 13/13
  2673 | D:6      | Killed a black bear
  2674 | D:6      | Reached skill level 5 in Dodging
  3266 | D:6      | Found a burning altar of Makhleb.
  3266 | D:6      | Noticed a balrug
  3281 | D:5      | Entered Level 5 of the Dungeon
  3318 | D:5      | Reached skill level 7 in Unarmed Combat
  3318 | D:5      | Reached XP level 7. HP: 52/52 MP: 15/15
  3479 | D:3      | Found a runed translucent door.
  3484 | D:3      | Noticed Tollund's ghost (amateur NaVM)
  3497 | D:3      | Killed Tollund's ghost
  3858 | D:4      | Reached * piety under Vehumet
  3858 | D:4      | Offered knowledge of Sandblast by Vehumet.
  3970 | D:4      | Reached XP level 8. HP: 60/60 MP: 16/16
  3976 | D:4      | Found a hazy altar of Hepliaklqana.
  4362 | D:5      | Found an ornate altar of the Wu Jian Council.
  4534 | D:5      | Found a glowing golden altar of the Shining One.
  5161 | D:6      | Reached skill level 5 in Transmutations
  5352 | D:6      | Found a snail-covered altar of Cheibriados.
  5586 | D:6      | Offered knowledge of Static Discharge by Vehumet.
  5603 | D:6      | Reached ** piety under Vehumet
  5608 | D:6      | Reached XP level 9. HP: 39/66 MP: 18/18
  5988 | D:7      | Found a blossoming altar of Fedhas.
  6044 | D:7      | Reached skill level 5 in Fighting
  6253 | D:7      | Found a shimmering altar of Xom.
  6532 | D:7      | Killed from afar by an electric eel

Illustrated notes

Levels and vault maps discovered:
D:1:      matt_arrival_diagonals, layout_rooms,
          ebering_ecumenical_altar_sacrificial
D:2:      layout_basic
D:3:      layout_basic, lemuel_crystal_altar, serial_shops,
          nicolae_shop_window_shopping, ebering_ghost_reflecting_pool,
          minmay_cupped, uniq_natasha
D:4:      layout_rooms, nicolae_hepliaklqana_hazy_memory
D:5:      layout_loops_ring, nicolae_tso_swordbearing_angel,
          nicolae_wu_jian_immortal_techniques
D:6:      layout_basic, makhleb_altar_promises_db, lemuel_tele_altar,
          nicolae_gozag_cash_rules_everything_around_me, temple_statues,
          hangedman_minor_gate_pass
D:7:      layout_loops_ring, mainiacjoe_overflow_catwalk,
          mainiacjoe_overflow_boulevard, serial_bayou, serial_bayou_lake_a,
          serial_bayou_pond_e, serial_bayou_lagoon_a, serial_bayou_shore_b,
          grunt_decor_arrowhead, bh_walls_and_bars
Temple:   chequers_temple_sunken

Skill      XL: |  1  2  3  4  5  6  7  8  9 |
---------------+----------------------------+-----
Spellcasting   | 5 6 |  6.6
Invocations    | 1 2 3 4 |  4.7
Short Blades   | 1 2 3 4 |  4.2
Long Blades    | 1 2 3 4 |  4.2
Axes           | 1 2 3 4 |  4.2
Maces & Flails | 1 2 3 4 |  4.2
Polearms       | 1 2 3 4 |  4.2
Staves         | 1 2 3 4 |  4.2
Ranged Weapons | 1 2 3 4 |  4.2
Throwing       | 1 2 3 4 |  4.2
Armour         | 1 2 3 4 |  4.2
Stealth        | 1 2 3 4 |  4.2
Shields        | 1 2 3 4 |  4.2
Evocations     | 1 2 3 4 |  4.2
Conjurations   | 1 2 3 |  3.5
Hexes          | 1 2 3 |  3.5
Summonings     | 1 2 3 |  3.5
Necromancy     | 1 2 3 |  3.5
Translocations | 1 2 3 |  3.5
Fire Magic     | 1 2 3 |  3.5
Ice Magic      | 1 2 3 |  3.5
Air Magic      | 1 2 3 |  3.5
Earth Magic    | 1 2 3 |  3.5
Poison Magic   | 1 2 3 |  3.5
Fighting       | 3 4 5 |  5.0
Transmutations | 4 5 |  5.2
Dodging        | 5 6 |  6.3
Unarmed Combat | 7 |  7.9

Action                   |  1- 3 |  4- 6 |  7- 9 || total
-------------------------+-------+-------+-------++-------
Melee: Club              |    24 |       |       ||    24
       Kick              |    27 |     5 |     2 ||    34
       Bite              |     9 |     4 |     2 ||    15
       Punch             |     4 |     1 |     3 ||     8
       Unarmed           |     4 |    75 |   200 ||   279
       Dagger            |    94 |    37 |    13 ||   144
       Headbutt          |    13 |     1 |       ||    14
 Cast: Beastly Appendage |    22 |     4 |     1 ||    27
       Spider Form       |     1 |    12 |    31 ||    44
       Wereblood         |     1 |     1 |     4 ||     6
  Use: Scroll            |       |     1 |     5 ||     6
 Stab: Sleeping          |     1 |     1 |     5 ||     7
Armor: Robe              |    23 |     8 |     3 ||    34
       Skin              |       |     1 |     9 ||    10
Dodge: Dodged            |    76 |    98 |   186 ||   360
